 Dungeon Crawl Stone Soup version 0.28.0 (webtiles) character file.

Game seed: 3613791819902911483

37 HallandMoats the Skirmisher (level 3, 0/29 HPs)
             Began as a Demonspawn Fighter on Feb 13, 2022.
             Was a Follower of Okawaru.
             Succumbed to a goblin's poison
             ... on level 2 of the Dungeon.
             The game lasted 00:02:11 (1521 turns).

HallandMoats the Skirmisher (Demonspawn Fighter)    Turns: 1521, Time: 00:02:11

Health: 0/29       AC: 11    Str: 18    XL:     3   Next: 21%
Magic:  4/4        EV:  5    Int:  9    God:    Okawaru [*.....]
Gold:   30         SH:  4    Dex: 12    Spells: 2/2 levels left

rFire   . . .      SeeInvis +   a - +0 war axe
rCold   . . .      Faith    .   c - +0 buckler
rNeg    . . .      Spirit   .   h - +0 plate armour
rPois   .          Reflect  .   (no helmet)
rElec   .          Harm     .   (no cloak)
rCorr   .          Rampage  .   (no gloves)
Will    .....                   (no boots)
Stlth   ..........              (no amulet)
HPRegen 0.09/turn               e - ring of see invisible
MPRegen 0.09/turn               f - ring of wizardry

@: mighty, lethally poisoned (0 -> -6), about to teleport
A: demonic magic 1
a: Renounce Religion, Heroism


You were on level 2 of the Dungeon.
You worshipped Okawaru.
Okawaru was aware of your devotion.
You visited 1 branch of the dungeon, and saw 2 of its levels.

You collected 30 gold pieces.

Inventory:

Hand Weapons
 a - a +0 war axe (weapon)
 b - a +2 dagger of venom
 i - a +4 dagger of venom
Armour
 c - a +0 buckler (worn)
 h - a +0 plate armour (worn)
Jewellery
 e - a ring of see invisible (left hand)
 f - a ring of wizardry (right hand)


   Skills:
 * Level 3.3 Fighting
 * Level 2.2 Axes
 + Level 2.8 Armour
 + Level 0.4 Dodging
 + Level 2.8 Shields
 * Level 1.8 Invocations


You had 2 spell levels left.
You didn't know any spells.
Your spell library was empty.

Dungeon Overview and Level Annotations

Branches:
Dungeon (2/15)

Altars:
Okawaru


Innate Abilities, Weirdness & Mutations

Spells you cast may paralyse adjacent enemies.


Message History

You hit the goblin.
You kill the goblin!
Okawaru accepts your kill.
You feel extremely sick.
You are too injured to fight recklessly!
You are too injured to fight recklessly!
You are too injured to fight recklessly!
You are too injured to fight recklessly!
You are too injured to fight recklessly!
You are too injured to fight recklessly!
You are too injured to fight recklessly!
You are too injured to fight recklessly!
You are too injured to fight recklessly!
You are too injured to fight recklessly!
You are too injured to fight recklessly!
You are too injured to fight recklessly!
You are too injured to fight recklessly!
You are too injured to fight recklessly!
You are too injured to fight recklessly!
You are too injured to fight recklessly!
You are too injured to fight recklessly!
You are too injured to fight recklessly!
You are too injured to fight recklessly!
Okay, then.
Unknown command.
You feel very sick.
You see here a +4 dagger of venom.
i - a +4 dagger of venom
* * * LOW HITPOINT WARNING * * *
You feel very sick.
As you read the scroll labelled LUDOMO HOTATZ, it crumbles to dust.
You feel strangely unstable.
It was a scroll of teleportation.
* * * LOW HITPOINT WARNING * * *
You feel very sick.
Unknown command.
You feel very mighty all of a sudden.
* * * LOW HITPOINT WARNING * * *
You feel sick.
Unknown command.
You die...

#.### #.# #.#####.#
#+ #.#.....# #.
#.#.###.# #. #.#.#
#.# ####.##
#.#.###.# #.....##
#.......#
#......#######.#####
#.....@........#
#.....##########
..$.....# .########


There were no monsters in sight!

Vanquished Creatures
  3 bats (D:1)
  3 endoplasms
  A giant cockroach (D:1)
  6 goblins
  3 hobgoblins (D:1)
  3 jackals (D:1)
  2 kobolds (D:1)
  4 quokkas (D:1)
  A ball python (D:1)
  A frilled lizard (D:1)
  4 rats (D:1)
31 creatures vanquished.

Vanquished Creatures (others)
  8 plants (D:1)
  18 withered plants (D:1)
26 creatures vanquished.

Grand Total: 57 creatures vanquished

Notes
Turn   | Place    | Note
-------+----------+-------------------------------------------
     0 | D:1      | HallandMoats the Demonspawn Fighter began the quest for the
                  | Orb.
     0 | D:1      | Reached XP level 1. HP: 18/18 MP: 1/1
   137 | D:1      | Reached skill level 1 in Invocations
   137 | D:1      | Gained mutation: Spells you cast may paralyse adjacent
                  | enemies. [demonic ancestry]
   137 | D:1      | Reached XP level 2. HP: 22/24 MP: 2/2
   385 | D:1      | Found a faded altar of an unknown god.
   473 | D:1      | Prayed at the altar of an unknown god.
   473 | D:1      | Became a worshipper of Warmaster Okawaru
   473 | D:1      | Reached * piety under Okawaru
  1212 | D:1      | Reached XP level 3. HP: 27/29 MP: 4/4
  1520 | D:2      | HP: 1/29 [poisoned by a goblin]
  1521 | D:2      | Succumbed to a goblin's poison

Illustrated notes

Levels and vault maps discovered:
D:1:      minmay_arrival_up_and_down, layout_loops_ring,
          shapermc_ecumenical_altar_flowoftime, nrook_loot_triangle
D:2:      layout_loops_corners, minmay_misc_feat_columns,
          uniq_crazy_yiuf_cottage, uniq_natasha

Skill      XL: |  1 |
---------------+----+-----
Axes           | 2 |  2.2
Invocations    | 1 |  1.8
Fighting       | |  3.3
Armour         | |  2.8
Dodging        | |  0.4
Shields        | |  2.8

Action                   || total
-------------------------++-------
Melee: War axe           ||   121
  Use: Potion            ||     3
       Scroll            ||     1
Armor: Scale mail        ||    23
       Plate armour      ||    49
       Skin              ||     5
Dodge: Dodged            ||    33
Block: Buckler           ||    30
